 Dungeon Crawl Stone Soup version 0.24.1 (webtiles) character file.

Game seed: 17601427252926154200, levelgen mode: deterministic

5140 Curus the Spear-Bearer (level 10, -1/144 HPs)
             Began as a Minotaur Berserker on Apr 3, 2020.
             Was an Elder of Trog.
             Slain by a killer bee (7 damage)
             ... on level 1 of the Lair of Beasts.
             The game lasted 00:34:15 (6562 turns).

Curus the Spear-Bearer (Minotaur Berserker)         Turns: 6562, Time: 00:34:16

Health: -1/144     AC: 13    Str: 26    XL:     10   Next: 33%
Magic:  9/9        EV:  9    Int: 12    God:    Trog [****..]
Gold:   372        SH:  4    Dex: 11    Spells: 9/9 levels left

rFire    . . .     SeeInvis .   j - +4 trident (freeze)
rCold    . . .     Gourm    .   o - +0 buckler
rNeg     . . .     Faith    .   f - +0 chain mail
rPois    .         Spirit   .   (helmet restricted)
rElec    .         Reflect  .   n - +0 cloak
rCorr    .         Harm     .   (no gloves)
MR       ++...                  (no boots)
Stlth    ..........             (no amulet)
HPRegen  1.34/turn              e - +5 ring of intelligence
MPRegen  0.11/turn              (no ring)

@: berserking, lethally poisoned (-1 -> -1), regenerating, very quick
A: retaliatory headbutt, horns 2, robust 1, shaggy fur 1, subdued magic 1,
MP-powered wands
a: Berserk, Trog's Hand, Brothers in Arms, Renounce Religion


You were on level 1 of the Lair of Beasts.
You worshipped Trog.
Trog was greatly pleased with you.
You were near starving.

You visited 2 branches of the dungeon, and saw 9 of its levels.

You collected 372 gold pieces.

Inventory:

Hand Weapons
 a - a +0 spear
 j - a +4 trident of freezing (weapon)
Armour
 b - a +0 animal skin
 d - a +0 leather armour
 f - a +0 chain mail (worn)
 n - a +0 cloak (worn)
 o - a +0 buckler (worn)
 q - the +1 leather armour of Polish {Str+5}
   (You found it on level 6 of the Dungeon)

   It affects your strength (+5).
Jewellery
 e - a +5 ring of intelligence (left hand)
Wands
 h - a wand of iceblast (8)
 p - a wand of acid (4)
 u - a wand of clouds (4)
 x - a wand of paralysis (6)
Scrolls
 g - 9 scrolls of identify
 l - 7 scrolls of remove curse
 s - a scroll of fog
 v - a scroll of teleportation
Potions
 i - 4 potions of curing
 k - 2 potions of haste
 m - a potion of cancellation
 r - a potion of flight
 t - 3 potions of heal wounds
Comestibles
 c - 9 rations


   Skills:
 + Level 8.0 Fighting
 - Level 14.4 Polearms
 + Level 7.5 Armour
 - Level 2.1 Dodging
 - Level 4.0 Shields


You had 9 spell levels left.
You didn't know any spells.
Your spell library was empty.

Dungeon Overview and Level Annotations

Branches:
Dungeon (8/15)             Temple (0/1) D:7            Lair (1/6) D:8

Altars:
Ashenzari
Cheibriados
Elyvilon
Fedhas
Nemelex Xobeh
Ru
Sif Muna
The Shining One


Innate Abilities, Weirdness & Mutations

You reflexively headbutt those who attack you in melee.
You have a pair of horns on your head.
You are robust. (+10% HP)
You are covered in fur. (AC +1)
Your spells are a little easier to cast, but a little less powerful.
You expend magic power (3 MP) to strengthen your wands.


Message History

Your headbutt misses the killer bee.
The killer bee is severely wounded.
You feel the effects of Trog's Hand fading.
You feel sick. The killer bee barely misses you. You furiously retaliate!
You headbutt the killer bee!!
You kill the killer bee!
Trog accepts your kill.
Your Fighting skill increases to level 8!
You hit the killer bee. You freeze the killer bee. You headbutt the killer bee!
You kill the killer bee!
Trog accepts your kill.
You feel sick.
You closely miss the killer bee. Your headbutt misses the killer bee.
You closely miss the killer bee.
You feel sick.
The killer bee stings you but does no damage.
You closely miss the killer bee. Your headbutt misses the killer bee.
The killer bee closely misses you.
You miss the killer bee. Your headbutt misses the killer bee.
You feel sick. The killer bee stings you!
You die... ##...... .......%..# ###.<.[... .!....(..#.##..+P..... ........+.....P...... .yyyy...######...... yyyyy #...... yyy

#...... #y# ##'##..
######@## #..####
#.......# ##.#
###.#.###### ###.####
#..........#### #.†.....
#..........##P####.......
##.............#.#........
#...........##............
##..........######........
#P..........# ##.......


You could see 13 killer bees.

Vanquished Creatures
  Harold (D:7)
  Pikel (D:7)
  Joseph (D:7)
  A queen bee (Lair:1)
  A hippogriff (Lair:1)
  A water moccasin (D:8)
  Duvessa (D:7)
  3 slaves (D:7)
  A black bear (D:8)
  An ice beast (D:7)
  A necrophage (D:8)
  A sky beast (D:5)
  2 ogres
  2 centaurs
  A big kobold (D:7)
  Blork the orc (D:6)
  4 bullfrogs
  Dowan (D:7)
  6 scorpions
  13 killer bees
  A howler monkey (D:4)
  2 crimson imps
  2 jellies
  2 hounds
  An orc priest (D:4)
  5 orc wizards (D:4)
  A centaur skeleton (D:5)
  7 iguanas
  8 worker ants
  2 hound skeletons
  12 adders
  An ooze (D:6)
  4 worms
  3 dart slugs
  9 leopard geckos
  16 orcs
  3 ball pythons
  10 bats
  5 giant cockroaches
  6 goblins
  10 hobgoblins
  10 jackals (D:1)
  10 kobolds
  A quokka (D:2)
  4 frilled lizards
  A leopard gecko zombie (D:5)
  9 rats
189 creatures vanquished.

Notes
Turn   | Place    | Note
-------+----------+-------------------------------------------
     0 | D:1      | Curus the Minotaur Berserker began the quest for the Orb.
     0 | D:1      | Reached XP level 1. HP: 19/19 MP: 0/0
    97 | D:1      | Reached skill level 4 in Polearms
   179 | D:1      | Reached XP level 2. HP: 24/26 MP: 1/1
   377 | D:1      | Reached skill level 5 in Polearms
   436 | D:1      | Reached ** piety under Trog
   437 | D:1      | Reached XP level 3. HP: 29/31 MP: 2/2
  1106 | D:2      | Found a shimmering blue altar of Sif Muna.
  1200 | D:2      | Found a blossoming altar of Fedhas.
  1524 | D:2      | Found a white marble altar of Elyvilon.
  1568 | D:2      | Reached skill level 6 in Polearms
  1568 | D:2      | Reached XP level 4. HP: 37/39 MP: 3/3
  1822 | D:3      | Found a snail-covered altar of Cheibriados.
  1865 | D:3      | Found a sparkling altar of Nemelex Xobeh.
  2086 | D:4      | Noticed an ogre
  2090 | D:4      | Killed an ogre
  2090 | D:4      | Reached skill level 7 in Polearms
  2090 | D:4      | Reached XP level 5. HP: 22/45 MP: 4/4
  2103 | D:4      | Reached skill level 8 in Polearms
  2111 | D:4      | Reached XP level 6. HP: 24/51 MP: 5/5
  2113 | D:4      | Reached *** piety under Trog
  2139 | D:4      | HP: 2/51 [poisoned by a scorpion]
  2395 | D:4      | Reached skill level 9 in Polearms
  2501 | D:4      | Reached XP level 7. HP: 57/57 MP: 6/6
  2793 | D:5      | Entered Level 5 of the Dungeon
  2847 | D:5      | Reached skill level 10 in Polearms
  3223 | D:5      | Reached skill level 11 in Polearms
  3252 | D:5      | Reached XP level 8. HP: 35/64 MP: 7/7
  3290 | D:5      | Reached **** piety under Trog
  3786 | D:6      | Reached skill level 12 in Polearms
  3858 | D:6      | Noticed Blork the orc
  3865 | D:6      | Killed Blork the orc
  3886 | D:6      | Got an ancient leather armour
  4046 | D:6      | Found a shattered altar of Ashenzari.
  4194 | D:5      | Identified the +1 leather armour of Polish {Str+5} (You
                  | found it on level 6 of the Dungeon)
  4342 | D:6      | Gained mutation: You expend magic power (3 MP) to
                  | strengthen your wands. [potion of mutation]
  4342 | D:6      | Gained mutation: Your spells are a little easier to cast,
                  | but a little less powerful. [potion of mutation]
  4342 | D:6      | Gained mutation: You are covered in fur. (AC +1) [potion of
                  | mutation]
  4342 | D:6      | Gained mutation: You are robust. (+10% HP) [potion of
                  | mutation]
  4566 | D:7      | Found a staircase to the Ecumenical Temple.
  4591 | D:7      | Reached skill level 13 in Polearms
  4928 | D:7      | Noticed Harold
  4929 | D:7      | Noticed Duvessa
  4932 | D:7      | Noticed Dowan
  5271 | D:7      | Reached XP level 9. HP: 77/77 MP: 8/8
  5356 | D:7      | Found a glowing golden altar of the Shining One.
  5390 | D:7      | Noticed Joseph
  5402 | D:7      | Killed Joseph
  5402 | D:7      | Reached skill level 14 in Polearms
  5624 | D:7      | Noticed Pikel
  5663 | D:7      | Killed Pikel
  5663 | D:7      | Reached skill level 5 in Fighting
  6051 | D:7      | Killed Harold
  6053 | D:7      | Killed Dowan
  6056 | D:7      | Killed Duvessa
  6229 | D:8      | Reached XP level 10. HP: 85/94 MP: 9/9
  6257 | D:8      | Found a sacrificial altar of Ru.
  6305 | D:8      | Found a glowing golden altar of the Shining One.
  6481 | D:8      | Found a staircase to the Lair.
  6488 | Lair:1   | Entered Level 1 of the Lair of Beasts
  6553 | Lair:1   | HP: 7/144 [killer bee (5)]
  6558 | Lair:1   | HP: 6/144 [poisoned by a killer bee]
  6562 | Lair:1   | Slain by a killer bee

Levels and vault maps discovered:
D:1:      ncdulo_smallfort, layout_basic
D:2:      layout_loops_cross, elyvilon_altar_4, overflow_temple_1_default,
          first_ration, fedhas_altar_2
D:3:      layout_rooms, lemuel_round_altar, old_standard_altar
D:4:      layout_cave_pools
D:5:      minmay_evil_eye, layout_loops_ring
D:6:      layout_loops_corners, evilmike_ruin_ashenzari, uniq_blork_the_orc
D:7:      layout_basic, temple_fountains, basic_altar, uniq_harold, uniq_pikel,
          uniq_duvessa, uniq_joseph
D:8:      layout_loops_ring, nicolae_ru_awakened_eye, overflow_temple_1_default,
          lair_entry_dummy, the_bakery
Lair:1:   layout_roguey [special_room_bee], chequers_serial_rivers_micro_b

Skill      XL: |  1  2  3  4  5  6  7  8  9 10 |
---------------+-------------------------------+-----
Polearms       | 4 5 6 7 8 9 11 13 14 | 14.4
Fighting       | 7 8 |  8.0
Armour         | 6 7 |  7.5
Shields        | 4 |  4.0
Dodging        | |  2.1

Action                   |  1- 3 |  4- 6 |  7- 9 | 10-12 || total
-------------------------+-------+-------+-------+-------++-------
Melee: Spear             |   115 |       |       |       ||   115
       Headbutt          |    14 |     4 |    26 |    10 ||    54
       Trident           |    35 |   107 |   233 |    81 ||   456
Invok: Trog's Hand       |       |     2 |     1 |     1 ||     4
       Berserk           |       |     1 |     1 |     1 ||     3
  Use: Potion            |     3 |     1 |     9 |       ||    13
       Scroll            |     5 |     1 |     3 |       ||     9
  Eat: Chunk             |     2 |     5 |     9 |     1 ||    17
       Ration            |       |       |     1 |       ||     1
Armor: Leather armour    |     5 |       |       |       ||     5
       Chain mail        |    26 |    37 |    55 |    18 ||   136
Dodge: Dodged            |    43 |    26 |    43 |    18 ||   130
Block: Buckler           |       |       |    12 |     7 ||    19
